 Dungeon Crawl Stone Soup version 0.20.1-1-g8b1a95d (webtiles) character file.

9238 AverageBear the Thaumaturge (level 11, 0/58 HPs)
             Began as a Deep Elf Fighter on July 18, 2017.
             Was an Initiate of Ashenzari.
             Slain by a troll (13 damage)
             ... on level 10 of the Dungeon.
             The game lasted 00:26:59 (13364 turns).

AverageBear the Thaumaturge (Deep Elf Fighter)     Turns: 13364, Time: 00:27:00

Health: 0/58       AC: 15    Str: 18    XL:     11   Next: 20%
Magic:  28/28      EV: 18    Int: 12    God:    Ashenzari [......]
Gold:   649        SH:  5    Dex: 16    Spells: 32/32 levels left

rFire    + . .     SeeInvis +   h - +2 dagger (protect)
rCold    + . .     Gourm    .   m - +0 buckler
rNeg     . . .     Faith    .   s - +2 ring mail {rF+}
rPois    +         Spirit   .   o - +1 helmet
rElec    .         Reflect  .   u - +0 cloak
rCorr    .         Harm     .   z - +0 pair of gloves
MR       +....                  n - +2 pair of boots {Fly}
Stlth    ++........             x - amulet of rage
Regen    0.2/turn               l - ring of Qoshreola {+Blink +Fly SInv Stlth+}
MPRegen  0.3/turn               d - +2 ring of slaying

@: flying
A: talons 1, agile 1, blurry vision 1, cold resistance 1, dopey 1, poison
resistance, screaming 1, strong 1, MP-powered wands
a: Curse Item, Renounce Religion, Evoke Blink, Evoke Berserk Rage, Stop Flying


You were on level 10 of the Dungeon.
You worshipped Ashenzari.
Ashenzari was noncommittal.
You were not hungry.

You visited 2 branches of the dungeon, and saw 11 of its levels.
You also visited: Trove.

You collected 649 gold pieces.

Inventory:

Hand Weapons
 h - a +2 dagger of protection (weapon)
 k - a +2 dagger of freezing
 p - the +0 scimitar of Jutoech {protect, +Fly Dex+8}
   (You found it in a treasure trove)

   It protects the one who uses it against injury (+AC on strike).
   It affects your dexterity (+8).
   It lets you fly.
 w - a +2 dagger of electrocution
Missiles
 I - 6 javelins of returning (quivered)
Armour
 a - a cursed +1 pair of boots of running
 m - a +0 buckler (worn)
 n - a +2 pair of boots of flying (worn)
 o - a +1 helmet (worn)
 s - a +2 ring mail of fire resistance (worn)
 u - a +0 cloak (worn)
 z - a +0 pair of gloves (worn)
Jewellery
 c - a cursed +3 amulet of reflection
 d - a +2 ring of slaying (right hand)
 l - the ring of Qoshreola (left hand) {+Blink +Fly SInv Stlth+}
   (You found it in a treasure trove)

   [ring of flight]

   It lets you see invisible.
   It lets you fly.
   It lets you blink.
   It makes you more stealthy.
 t - the cursed ring "Celec" {rC+ AC+2}
   (You found it in a treasure trove)

   [ring of protection]

   It affects your AC (+2).
   It protects you from cold.
   It has a curse placed upon it.
 x - an amulet of rage (around neck)
 E - a +3 ring of intelligence
 F - an uncursed ring of protection from fire
 H - an uncursed ring of wizardry
Scrolls
 b - 5 scrolls of identify
 e - 5 scrolls of amnesia
 i - 3 scrolls of teleportation
 q - 2 scrolls of fear
 r - 3 scrolls of blinking
 y - 2 scrolls of magic mapping
 B - 3 scrolls of immolation
 D - a scroll of noise
 M - 2 scrolls of remove curse
Potions
 g - 3 potions of curing
 G - a potion of cancellation
 J - 3 potions of flight
 K - a potion of agility
 L - a potion of resistance
Books
 N - a book of Changes

   Spells                             Type                      Level
   a - Beastly Appendage              Transmutation                1
   b - Sticks to Snakes               Transmutation                2
   c - Spider Form                    Transmutation/Poison         3
   d - Ice Form                       Ice/Transmutation            4
   e - Blade Hands                    Transmutation                5
Comestibles
 f - 8 bread rations
 j - 4 meat rations
 v - 12 fruits
 A - 9 royal jellies
 C - a chunk of flesh


   Skills:
 - Level 2.4 Fighting
 - Level 10.7 Short Blades
 + Level 4.8 Armour
 - Level 10.4 Dodging
 - Level 4.3 Shields
 - Level 11.1 Spellcasting


You had 32 spell levels left.
You didn't know any spells.

Dungeon Overview and Level Annotations

Branches:
Dungeon (10/15)            Temple (1/1) D:7            Lair (0/6) D:9
    Orc (0/2) D:10

Altars:
Ashenzari
Cheibriados
Dithmenos
Elyvilon
Fedhas
Gozag
Hepliaklqana
Kikubaaqudgha
Makhleb
Nemelex Xobeh
Okawaru
Qazlal
Ru
Sif Muna
Trog
Uskayaw
Vehumet
Xom
Yredelemnul
Zin
The Shining One
Lugonu

Shops:
D:10 (


Innate Abilities, Weirdness & Mutations

You have sharp toenails.
You are agile. (Dex +2)
Scrolls take you a little longer to read.
Your flesh is cold resistant. (rC+)
You are dopey. (Int -2)
Your system is resistant to poisons. (rPois)
You occasionally shout uncontrollably at your foes.
Your muscles are strong. (Str +2)
You expend magic power (3 MP) to strengthen your wands.


Message History

Your +2 dagger of protection hums with potential!
h - a +2 dagger of protection (weapon)
The troll bites you. The troll misses you. The troll barely misses you.
You feel better. The troll bites you! The troll claws you.
* * * LOW HITPOINT WARNING * * *
The troll claws you but does no damage.
You are too injured to fight recklessly!
You hit the troll.
Your weapon exudes an aura of protection.
The troll is lightly wounded.
You feel better. The troll misses you. The troll closely misses you.
The troll barely misses you.
You completely miss the troll. The troll bites you but does no damage.
The troll claws you but does no damage. The troll claws you!
* * * LOW HITPOINT WARNING * * *
Okay, then.
Really read with blurry vision while enemies are nearby?
You begin reading the scroll.
You continue reading the scroll.
The troll bites you!
You die...

#...# ........#
#.#.###########.#
#.#.....#.......#
#.#####.#.#####.#
#.#...#...#.#...# ##
#.###.#####.#.#########.
#.................#.....
###.#.###.#####.....####
##......@T.......#..##
#.....####.####.###.##
#..8...# #.##...# #..#
#.8.8..###....### ##.#
#8((.8...(.#### #.####
#.8.8.'###.#### #.#...
#..8(.........# ##.'...
#..#(.........#####..#...
#.##..........#..........


You could see a troll.

Vanquished Creatures
  A hydra (D:9)
  2 two-headed ogres
  The ghost of Gukra the Grave Robber, a novice DDNe (D:6)
  3 hippogriffs
  2 dream sheep (D:9)
  Eustachio (D:4)
  2 yaks (D:9)
  Grum (D:7)
  The ghost of AverageBear the Cutter, an amateur DEFi (D:3)
  A water moccasin (D:8)
  2 hell hounds (D:9)
  An ice beast (D:9)
  3 sky beasts
  2 orc warriors
  An eye of draining (D:9)
  2 necrophages
  4 ogres
  3 phantoms
  A black bear (D:7)
  3 centaurs (D:8)
  4 wolves
  5 big kobolds
  4 bullfrogs
  A wyvern zombie (D:8)
  2 troll zombies (D:10)
  A wyvern skeleton (D:8)
  A scorpion (D:4)
  3 killer bees (D:9)
  4 howler monkeys
  2 crimson imps (D:8)
  A centaur zombie (D:8)
  A bullfrog zombie (D:10)
  2 quasits
  4 jellies
  4 hounds
  A bullfrog skeleton (D:7)
  3 centaur skeletons
  A gnoll shaman (D:8)
  8 orc priests
  3 iguanas
  7 worker ants
  14 orc wizards
  6 ogre zombies (D:10)
  A worker ant zombie (D:6)
  7 gnolls
  11 adders
  A shadow imp (D:7)
  An ooze (D:3)
  3 adder skeletons
  3 dart slugs (D:1)
  6 leopard geckos
  32 orcs
  7 bats
  5 giant cockroaches
  6 goblins
  4 hobgoblins (D:1)
  16 jackals
  18 kobolds
  7 quokkas
  3 ball pythons
  6 frilled lizards
  2 goblin skeletons (D:10)
  2 goblin zombies (D:10)
  4 hobgoblin skeletons (D:10)
  3 hobgoblin zombies (D:10)
  A jackal skeleton (D:4)
  A leopard gecko skeleton (D:5)
  3 orc skeletons (D:10)
  11 orc zombies (D:10)
  A quokka skeleton (D:4)
  A quokka zombie (D:10)
  9 rats
294 creatures vanquished.

Notes
Turn   | Place    | Note
-------+----------+-------------------------------------------
     0 | D:1      | AverageBear the Deep Elf Fighter began the quest for the Orb.
     0 | D:1      | Reached XP level 1. HP: 13/13 MP: 3/3
    23 | D:1      | Reached skill level 1 in Dodging
   113 | D:1      | Reached XP level 2. HP: 17/18 MP: 4/4
   540 | D:1      | Reached XP level 3. HP: 20/22 MP: 5/5
  1715 | D:3      | Reached XP level 4. HP: 26/27 MP: 6/6
  1734 | D:3      | Noticed AverageBear's ghost (amateur DEFi)
  1780 | D:3      | Killed AverageBear's ghost
  1780 | D:3      | Reached skill level 5 in Short Blades
  1780 | D:3      | Reached XP level 5. HP: 21/31 MP: 7/7
  2191 | D:4      | Found a stormy altar of Qazlal.
  2414 | D:4      | Found a basalt altar of Yredelemnul.
  2415 | D:4      | Found a radiant altar of Vehumet.
  2475 | D:4      | Gained mutation: You are weak. (Str -2) [potion of mutation]
  2475 | D:4      | Gained mutation: You have a pair of small horns on your head. [potion of mutation]
  2476 | D:4      | Lost mutation: You are weak. (Str -2) [potion of mutation]
  2476 | D:4      | Lost mutation: You have a pair of small horns on your head. [potion of mutation]
  2476 | D:4      | Gained mutation: Potions are less effective at restoring your health. [potion of mutation]
  2476 | D:4      | Gained mutation: Armour fits poorly on your strangely shaped body. [potion of mutation]
  2476 | D:4      | Gained mutation: You possess an exceptional clarity of mind. [potion of mutation]
  2477 | D:4      | Lost mutation: You possess an exceptional clarity of mind. [potion of mutation]
  2477 | D:4      | Lost mutation: Potions are less effective at restoring your health. [potion of mutation]
  2477 | D:4      | Lost mutation: Armour fits poorly on your strangely shaped body. [potion of mutation]
  2477 | D:4      | Gained mutation: Your flesh is cold resistant. (rC+) [potion of mutation]
  2477 | D:4      | Gained mutation: You are agile. (Dex +2) [potion of mutation]
  2491 | D:4      | Found a blossoming altar of Fedhas.
  2738 | D:4      | Noticed an ogre
  2821 | D:4      | Noticed Eustachio
  2833 | D:4      | Reached XP level 6. HP: 36/36 MP: 8/8
  2855 | D:4      | Killed Eustachio
  2934 | D:4      | Found a hide-covered altar of Uskayaw.
  3446 | D:4      | Reached XP level 7. HP: 40/40 MP: 9/9
  3760 | D:4      | Reached skill level 5 in Dodging
  4719 | D:5      | Entered Level 5 of the Dungeon
  5072 | D:5      | Found a shadowy altar of Dithmenos.
  5302 | D:5      | Reached XP level 8. HP: 41/45 MP: 10/10
  5430 | D:5      | Found a snail-covered altar of Cheibriados.
  5823 | D:6      | Noticed Gukra's ghost (novice DDNe)
  5847 | D:6      | Killed Gukra's ghost
  6011 | D:6      | Found a snail-covered altar of Cheibriados.
  6139 | D:6      | Gained mutation: You are dopey. (Int -2) [mutagenic meat]
  6140 | D:6      | Gained mutation: You occasionally shout uncontrollably at your foes. [mutagenic meat]
  6141 | D:6      | Gained mutation: You are frail. (-10% HP) [mutagenic meat]
  7197 | D:7      | Found a glowing golden altar of the Shining One.
  7954 | D:7      | Found a staircase to the Ecumenical Temple.
  7956 | D:7      | Found a faded altar of an unknown god.
  8038 | Temple   | Entered the Ecumenical Temple
  8061 | Temple   | Became a worshipper of Ashenzari the Shackled
  8183 | D:7      | Reached XP level 9. HP: 40/43 MP: 11/11
  8709 | D:7      | Found a white marble altar of Elyvilon.
  8795 | D:8      | Found a bloodstained altar of Trog.
  9212 | D:8      | Noticed a two-headed ogre
  9212 | D:8      | Found a shimmering altar of Xom.
  9269 | D:8      | Killed a two-headed ogre
  9269 | D:8      | Reached skill level 10 in Short Blades
  9558 | D:8      | Reached skill level 1 in Spellcasting
  9558 | D:8      | Reached XP level 10. HP: 37/47 MP: 11/14
  9561 | D:8      | Gained mutation: You have sharp toenails. [mutagenic meat]
  9562 | D:8      | Lost mutation: You are frail. (-10% HP) [mutagenic meat]
  9563 | D:8      | Gained mutation: You expend magic power (3 MP) to strengthen your wands. [mutagenic meat]
  9565 | D:8      | Gained mutation: Your system is resistant to poisons. (rPois) [mutagenic meat]
  9566 | D:8      | Gained mutation: Scrolls take you a little longer to read. [mutagenic meat]
  9612 | D:8      | Reached skill level 2 in Spellcasting
  9618 | D:8      | Noticed Grum
  9705 | D:7      | Reached skill level 3 in Spellcasting
 10004 | D:7      | Reached skill level 4 in Spellcasting
 10046 | D:7      | Killed Grum
 10252 | D:8      | Reached skill level 5 in Spellcasting
 10450 | D:8      | Found a sparkling altar of Nemelex Xobeh.
 10482 | D:8      | Reached skill level 6 in Spellcasting
 10483 | D:8      | Found an opulent altar of Gozag.
 10737 | D:9      | Noticed a two-headed ogre
 11050 | D:9      | Found a staircase to the Lair.
 11061 | D:9      | Reached skill level 7 in Spellcasting
 11467 | D:9      | Reached skill level 8 in Spellcasting
 11649 | D:9      | Reached skill level 9 in Spellcasting
 11693 | D:9      | Noticed a two-headed hydra
 11703 | D:9      | Killed a two-headed hydra
 11703 | D:9      | Reached skill level 11 in Spellcasting
 12167 | D:9      | Killed a two-headed ogre
 12167 | D:9      | Reached XP level 11. HP: 47/58 MP: 28/28
 12269 | D:10     | Entered Level 10 of the Dungeon
 12270 | D:10     | Found a staircase to the Orcish Mines.
 12486 | D:10     | Reached skill level 10 in Dodging
 12853 | D:10     | Gained mutation: Your muscles are strong. (Str +2) [mutagenic meat]
 12929 | D:10     | Found Becomoy's Antique Weapon Shop.
 12949 | D:10     | Found a portal to a secret trove of treasure.
 13101 | Trove    | Entered a treasure trove
 13107 | Trove    | Identified a cursed +1 pair of boots of running
 13107 | Trove    | Identified the ring of Qoshreola {+Blink +Fly SInv Stlth+}
 13107 | Trove    | Identified the cursed ring "Celec" {rC+ AC+2}
 13125 | Trove    | Got the cursed scimitar of Jutoech {protect, +Fly Dex+8}
 13170 | D:10     | Identified the cursed +0 scimitar of Jutoech {protect, +Fly Dex+8} (You found it in a treasure trove)
 13364 | D:10     | Slain by a troll

Skill      XL: |  1  2  3  4  5  6  7  8  9 10 11 |
---------------+----------------------------------+-----
Dodging        | 1 3 6 9 10 | 10.4
Short Blades   | 3 4 5 6 7 10 | 10.7
Armour         | 3 4 |  4.8
Shields        | 4 |  4.3
Spellcasting   | 1 11 | 11.1
Fighting       | |  2.4

Action                   |  1- 3 |  4- 6 |  7- 9 | 10-12 || total
-------------------------+-------+-------+-------+-------++-------
Melee: Rapier            |   137 |   142 |    56 |       ||   335
       Dagger            |       |       |   834 |   879 ||  1713
       Scimitar          |       |       |       |    17 ||    17
Throw: Javelin           |       |       |     3 |    10 ||    13
       Throwing net      |       |       |       |     1 ||     1
Invok: Curse Item        |       |       |     1 |       ||     1
  Use: Scroll            |     3 |     6 |     6 |     1 ||    16
       Potion            |       |    11 |     9 |     7 ||    27
 Stab: Invisible         |       |       |     2 |       ||     2
       Held in net/web   |       |       |       |     1 ||     1
  Eat: Chunk             |     3 |     5 |    23 |    21 ||    52
       Royal jelly       |       |       |       |     1 ||     1
Armor: Scale mail        |    34 |       |       |       ||    34
       Leather armour    |    23 |    45 |    55 |       ||   123
       Skin              |       |    19 |       |       ||    19
       Ring mail         |       |       |   150 |   158 ||   308
Dodge: Dodged            |    46 |    52 |   420 |   393 ||   911
Block: Shield            |    73 |    57 |       |       ||   130
       Buckler           |       |     2 |   156 |   137 ||   295
       Rpst.: Scimitar   |       |       |       |     2 ||     2
